Map: Vigía EE

Players

Geronimo - Winner!

  • Race: Terran Terran
  • Spawn Location: 12:00

Constantine - Winner!

  • Race: Protoss Protoss
  • League: Platinum
  • Spawn Location: 9:00

GroundnPound - Winner!

  • Race: Zerg Zerg
  • League: Platinum
  • Spawn Location: 9:00

TATORREA

  • Race: Protoss Protoss
  • League: Gold
  • Spawn Location: 5:00

tigro

  • Race: Terran Terran
  • League: Bronze
  • Spawn Location: 5:00

MrFercho

  • Race: Zerg Zerg
  • League: Gold
  • Spawn Location: 6:00

VOD

Have the link to the VOD?

Description

Time

  • Played on: Aug. 3, 2020, 9:31 p.m.
  • Length: 13:55
Show
View Real Time Build Order
Export as new Build Order

Geronimo Terran - Winner!

Build Orders:  

Get SALT Encoding   

  12  0:03  SCV  
  13  0:15  SCV  
  14  0:27  Supply Depot  
  14  0:29  SCV  
  15  0:49  SCV  
  16  0:51  Supply Depot  
  16  0:53  Barracks  
  16  1:01  SCV  
  17  1:15  SCV  
  17  1:16  Barracks  
  18  1:28  SCV  
  19  1:40  SCV  
  19  1:47  Refinery  
  20  1:48  Marine  
  20  1:49  Refinery  
  20  1:53  Bunker  
  21  1:58  Orbital Command  
  21  2:05  Marine  
  21  2:06  Marine  
  23  2:16  Engineering Bay  
  23  2:25  SCV  
  24  2:30  Barracks Reactor  
  24  2:33  Marine  
  25  2:49  Command Center  
  25  2:53  SCV  
  25  2:54  Barracks Reactor  
  26  3:00  Terran Infantry Weapons Level 1  
  26  3:10  Missile Turret  
  26  3:16  Missile Turret, SCV  
  27  3:21  Marine  
  28  3:28  SCV  
  29  3:47  SCV  
  30  3:49  Missile Turret  
  30  3:50  Missile Turret  
  30  3:57  Supply Depot, Missile Turret  
  30  4:06  Orbital Command  
  30  4:17  SCV  
  31  4:29  SCV  
  31  4:31  Refinery  
  32  4:33  SCV  
  32  4:36  Refinery  
  33  4:41  SCV  
  33  4:45  SCV  
  35  4:49  Factory  
  35  4:50  Factory  
  35  4:53  Engineering Bay  
  35  5:00  Missile Turret  
  35  5:05  SCV x2  
  37  5:08  Marine  
  37  5:09  Marine x3  
  37  5:10  Missile Turret  
  41  5:17  Supply Depot, SCV x2  
  41  5:19  Supply Depot  
  43  5:24  Hi-Sec Auto Tracking  
  43  5:28  Terran Infantry Armor Level 1  
  43  5:29  SCV  
  43  5:32  SCV  
  45  5:38  Missile Turret  
  45  5:42  Factory Tech Lab x2  
  45  5:56  Marine x3  
  48  6:09  SCV x2  
  50  6:17  Siege Tank  
  50  6:18  Siege Tank  
  56  6:21  SCV x2  
  58  6:26  Marine x3  
  61  6:33  SCV  
  61  6:39  SCV  
  63  6:40  Armory  
  63  6:42  Armory  
  63  6:45  SCV  
  64  6:47  Missile Turret  
  64  6:50  Missile Turret  
  64  6:51  SCV  
  64  6:52  Missile Turret  
  65  6:58  SCV  
  65  7:00  Cyclone  
  69  7:03  Cyclone  
  72  7:09  Mag-Field Accelerator  
  72  7:24  Supply Depot  
  72  7:34  Supply Depot, Marine x4  
  73  7:37  Supply Depot  
  72  7:51  Marine  
  72  7:52  Marine x2  
  75  8:08  Marine  
  75  8:09  Marine x2  
  75  8:10  Marine  
  75  8:12  Thor x2  
  91  8:14  Terran Vehicle And Ship Armor Level 1  
  91  8:15  Terran Vehicle Weapons Level 1  
  91  8:26  Marine  
  92  8:29  Starport  
  92  8:31  Starport  
  92  8:55  Siege Tank x2  
  97  9:13  Marine x3  
  93  9:26  Starport Tech Lab x2  
  93  9:56  Marine x4  
  93  9:58  Command Center  
  97  10:00  Raven  
  97  10:01  Raven  
  97  10:14  Marine x3  
  95  10:25  Thor x2  
  95  10:28  Terran Vehicle And Ship Armor Level 2, Terran Vehicle Weapons Level 2  
  107  11:00  Missile Turret  
  107  11:02  Missile Turret  
  107  11:03  Missile Turret  
  107  11:04  Missile Turret  
  107  11:08  Thor  
  107  11:09  Thor  
  119  11:32  Orbital Command  
  119  11:38  Refinery  
  119  11:40  Refinery  
  119  11:42  Viking x2  
  123  11:50  Marine x2  
  123  11:51  Marine x2  
  123  11:53  Supply Depot  
  127  11:54  Supply Depot  
  127  11:55  Supply Depot  
  127  12:06  Fusion Core  
  127  12:08  Marine x3  
  127  12:09  Marine  
  127  12:11  Missile Turret  
  131  12:21  Supply Depot  
  131  12:23  Supply Depot  
  131  12:26  Marine x4  
  135  12:44  Marine x4  
  129  13:26  Marine x2  
  129  13:27  Marine x2  
Show
View Real Time Build Order
Export as new Build Order

Constantine Protoss - Winner!

Build Orders: Blink Stalkers 

Get SALT Encoding   

  12  0:10  Probe  
  13  0:16  Pylon  
  13  0:22  Probe  
  14  0:38  Gateway  
  14  0:41  Probe  
  15  0:45  Assimilator  
  15  0:51  Assimilator  
  15  0:53  Probe  
  16  1:03  Pylon  
  16  1:05  Probe (Chrono Boost)  
  17  1:17  Probe (Chrono Boost)  
  18  1:22  Probe (Chrono Boost)  
  19  1:30  Cybernetics Core  
  19  1:31  Probe  
  20  1:43  Probe  
  21  1:54  Pylon  
  21  1:55  Probe  
  22  2:04  Stalker (Chrono Boost)  
  22  2:06  Warp Gate (Chrono Boost)  
  24  2:15  Twilight Council  
  24  2:25  Probe  
  24  2:29  Stalker  
  27  2:54  Nexus  
  27  3:01  Stalker  
  29  3:07  Pylon  
  29  3:13  Probe  
  29  3:19  Forge  
  30  3:26  Shield Battery  
  30  3:33  Blink  
  30  3:48  Assimilator  
  30  3:52  Assimilator  
  30  3:54  Probe  
  30  3:55  Pylon  
  31  3:56  Protoss Ground Weapons Level 1  
  31  4:02  Stalker  
  33  4:15  Probe (Chrono Boost)  
  35  4:24  Probe (Chrono Boost)  
  35  4:29  Gateway, Probe (Chrono Boost)  
  35  4:34  Gateway  
  36  4:41  Probe  
  37  4:47  Photon Cannon  
  37  4:53  Shield Battery, Probe (Chrono Boost)  
  38  5:04  Probe (Chrono Boost)  
  39  5:08  Gateway  
  39  5:09  Probe (Chrono Boost)  
  40  5:19  Probe  
  40  5:20  Stalker  
  43  5:29  Stalker  
  43  5:32  Probe  
  46  5:38  Forge  
  46  5:41  Pylon  
  46  5:44  Probe (Chrono Boost)  
  46  5:48  Pylon  
  47  5:50  Stalker  
  47  5:54  Probe (Chrono Boost)  
  47  5:55  Protoss Ground Armor Level 1  
  50  5:58  Probe (Chrono Boost)  
  50  6:00  Stalker x2  
  55  6:10  Probe (Chrono Boost)  
  55  6:11  Protoss Ground Weapons Level 2  
  56  6:22  Probe (Chrono Boost)  
  57  6:26  Robotics Facility  
  57  6:28  Pylon  
  57  6:29  Probe (Chrono Boost)  
  57  6:31  Stalker  
  60  6:35  Stalker, Pylon  
  60  6:36  Probe (Chrono Boost)  
  64  6:43  Probe (Chrono Boost)  
  64  6:48  Probe (Chrono Boost)  
  64  6:50  Stalker x2  
  69  6:55  Probe (Chrono Boost)  
  70  7:03  Probe  
  70  7:06  Nexus  
  71  7:10  Pylon  
  71  7:16  Stalker  
  71  7:20  Observer  
  74  7:25  Probe  
  75  7:36  Pylon  
  75  7:40  Pylon  
  75  7:43  Pylon  
  75  8:01  Stalker  
  75  8:02  Stalker x3  
  83  8:15  Pylon  
  83  8:16  Shield Battery  
  83  8:18  Probe (Chrono Boost)  
  83  8:19  Shield Battery  
  84  8:22  Assimilator  
  84  8:24  Assimilator  
  85  8:28  Probe (Chrono Boost)  
  85  8:33  Protoss Ground Armor Level 2, Probe (Chrono Boost)  
  85  8:37  Stalker x4  
  94  8:44  Probe  
  95  8:55  Robotics Bay  
  95  8:56  Probe  
  95  9:00  Robotics Facility  
  96  9:08  Probe  
  97  9:19  Stalker x2  
  97  9:20  Stalker x2  
  97  9:21  Probe  
  106  9:30  Protoss Ground Weapons Level 3 (Chrono Boost)  
  106  9:33  Probe  
  95  10:12  Stalker x2  
  95  10:13  Stalker x2  
  99  10:39  Stalker x3  
  99  10:40  Stalker  
  103  11:03  Colossus x2  
  103  11:10  Stalker x4  
  123  11:24  Extended Thermal Lance  
  123  11:27  Gateway  
  123  11:29  Gateway  
  123  11:37  Gateway  
  123  11:38  Stalker x4  
  123  11:39  Gateway  
  131  11:47  Colossus x2  
  131  11:58  Pylon  
  131  12:00  Pylon  
  143  12:02  Pylon  
  143  12:05  Pylon  
  143  12:09  Stalker x2  
  143  12:10  Stalker x2  
  151  12:27  Stalker x2  
  155  12:39  Nexus  
  155  12:41  Pylon  
  155  12:44  Pylon  
  155  12:50  Stalker x2  
  155  12:51  Stalker x4  
  163  12:52  Stalker x2  
Show
View Real Time Build Order
Export as new Build Order

GroundnPound Zerg - Winner!

Build Orders: Hatch First, Lurkers 

Get SALT Encoding   

  12  0:08  Drone  
  13  0:18  Overlord  
  13  0:19  Drone  
  14  0:37  Drone x2  
  16  0:55  Drone  
  17  0:58  Extractor  
  17  0:59  Hatchery  
  15  1:12  Spawning Pool  
  15  1:15  Drone  
  15  1:21  Drone  
  15  1:24  Drone  
  17  1:33  Drone  
  17  1:39  Drone  
  19  1:48  Overlord  
  19  2:00  Queen  
  21  2:03  Metabolic Boost  
  21  2:11  Queen  
  21  2:13  Drone  
  24  2:16  Drone  
  24  2:19  Drone  
  26  2:23  Drone  
  26  2:26  Drone  
  28  2:35  Drone  
  28  2:36  Drone  
  30  2:39  Queen  
  32  2:44  Zergling x4  
  34  2:52  Queen  
  34  2:55  Overlord  
  36  3:16  Zergling x4  
  36  3:17  Overlord  
  36  3:18  Drone x3  
  41  3:22  Drone x2  
  41  3:23  Drone  
  41  3:24  Overlord  
  44  3:33  Overlord  
  44  3:35  Queen  
  44  3:40  Lair  
  46  3:45  Extractor  
  46  3:46  Zergling x2  
  46  3:47  Zergling x2  
  47  3:53  Zergling x4  
  47  3:54  Drone x2  
  52  3:55  Drone  
  52  3:57  Drone  
  52  3:59  Drone  
  54  4:03  Extractor  
  54  4:04  Drone  
  54  4:10  Spore Crawler  
  54  4:11  Baneling Nest  
  54  4:13  Spore Crawler  
  51  4:24  Drone  
  51  4:25  Drone x5  
  51  4:26  Overlord  
  57  4:35  Evolution Chamber  
  56  4:41  Evolution Chamber  
  55  4:49  Drone  
  55  4:50  Drone  
  57  4:53  Extractor  
  56  5:00  Zergling x2  
  56  5:01  Zergling x4  
  56  5:02  Overlord  
  59  5:11  Zerg Melee Weapons Level 1  
  59  5:13  Hydralisk Den  
  58  5:14  Zerg Missile Weapons Level 1  
  58  5:19  Drone x3  
  58  5:20  Overseer  
  61  5:23  Drone x4  
  61  5:24  Drone  
  66  5:32  Hatchery  
  65  5:38  Queen  
  67  5:44  Hydralisk x3  
  67  5:48  Grooved Spines  
  73  5:54  Baneling x3  
  73  5:55  Baneling  
  73  5:56  Baneling  
  73  6:02  Zergling x4  
  73  6:03  Zergling x10  
  80  6:05  Zergling x2  
  81  6:25  Hydralisk  
  83  6:26  Overlord  
  83  6:27  Overlord x3  
  83  6:31  Centrifical Hooks  
  83  6:44  Queen x2  
  87  6:54  Hydralisk x4  
  87  6:59  Muscular Augments  
  95  7:01  Drone x2  
  95  7:02  Queen  
  95  7:04  Drone x2  
  95  7:05  Drone  
  102  7:12  Zerg Missile Weapons Level 2  
  102  7:15  Zerg Ground Armor Level 1  
  99  7:33  Zergling x4  
  98  7:40  Hydralisk x3  
  98  7:41  Hydralisk x3  
  98  7:43  Overseer  
  109  7:53  Pneumatized Carapace  
  109  8:08  Zergling x2  
  109  8:09  Zergling x22  
  121  8:28  Baneling  
  121  8:29  Baneling x7  
  121  8:31  Baneling x3  
  121  8:41  Overlord x4  
  121  8:48  Lurker Den  
  118  8:59  Queen  
  114  9:09  Zerg Melee Weapons Level 2  
  98  9:15  Zergling x24  
  98  9:16  Zergling x18  
  107  9:27  Drone  
  107  9:30  Drone x6  
  114  9:33  Spore Crawler  
  114  9:35  Spine Crawler  
  114  9:37  Drone  
  114  9:38  Spine Crawler  
  110  9:41  Zergling x2  
  110  9:42  Zergling x6  
  108  9:52  Zergling x6  
  105  9:53  Zergling x6  
  103  10:11  Extractor, Drone  
  103  10:12  Drone x3  
  103  10:13  Extractor, Drone  
  92  10:30  Hatchery  
  80  10:38  Hydralisk  
  80  10:39  Hydralisk x7  
  80  10:40  Hydralisk x7  
  80  10:41  Hydralisk  
  112  10:44  Drone  
  106  11:00  Drone, Spore Crawler  
  106  11:08  Drone x3  
  106  11:09  Zergling x2  
  106  11:10  Zergling x12  
  116  11:22  Drone  
  116  11:23  Drone x5  
  122  11:32  Hydralisk  
  122  11:33  Hydralisk x2  
  122  11:35  Extractor  
  127  11:52  Lurker x7  
  127  11:53  Lurker  
  135  11:55  Hydralisk x3  
  135  11:56  Hydralisk x5  
  135  11:57  Overlord  
  135  11:58  Overlord  
  135  12:00  Overlord  
  151  12:17  Extractor  
  151  12:18  Queen  
  151  12:22  Hydralisk x6  
  158  12:25  Overlord  
  150  12:53  Hydralisk  
  150  12:54  Hydralisk x10  
  150  12:56  Zergling x2  
  154  13:26  Hydralisk x2  
  154  13:27  Hydralisk x6  
  154  13:28  Hydralisk x2  
  154  13:30  Overlord x3  
  154  13:31  Zergling x4  
Show
View Real Time Build Order
Export as new Build Order

TATORREA Protoss 

Build Orders:  

Get SALT Encoding   

  12  0:03  Probe  
  13  0:15  Probe  
  14  0:24  Pylon  
  14  0:27  Probe  
  15  0:42  Probe  
  16  0:48  Gateway  
  16  0:54  Probe  
  17  1:06  Probe  
  18  1:14  Gateway  
  18  1:19  Probe  
  18  1:24  Assimilator  
  18  1:27  Pylon  
  18  1:35  Assimilator  
  18  1:37  Probe (Chrono Boost)  
  18  1:38  Pylon  
  19  1:46  Cybernetics Core  
  19  1:49  Probe (Chrono Boost)  
  20  1:54  Probe (Chrono Boost)  
  21  2:03  Probe  
  22  2:12  Gateway  
  22  2:14  Gateway  
  22  2:25  Twilight Council  
  22  2:27  Warp Gate  
  22  2:39  Stalker  
  24  2:46  Stalker  
  26  2:58  Probe  
  27  3:02  Charge (Chrono Boost)  
  27  3:10  Zealot x2  
  31  3:28  Nexus  
  31  3:43  Probe  
  32  3:51  Pylon  
  32  3:53  Pylon  
  32  3:55  Probe  
  33  4:01  Robotics Facility  
  33  4:07  Probe  
  34  4:19  Probe  
  35  4:27  Blink (Chrono Boost)  
  35  4:31  Probe  
  36  4:39  Zealot x3  
  36  4:40  Zealot  
  44  4:45  Probe  
  44  4:46  Probe  
  46  4:58  Probe x2  
  48  5:03  Observer  
  49  5:11  Probe x2  
  51  5:23  Probe x2  
  51  5:24  Immortal  
  57  5:29  Assimilator  
  57  5:32  Assimilator, Zealot  
  57  5:33  Zealot  
  57  5:35  Probe x2  
  62  5:38  Zealot  
  62  5:41  Zealot  
  65  6:13  Zealot x2  
  70  6:18  Probe  
  70  6:35  Pylon  
  70  6:37  Pylon  
  70  6:53  Probe x2  
  72  6:56  Zealot x2, Pylon, Nexus  
  72  6:57  Zealot  
  72  7:00  Pylon, Zealot  
  80  7:05  Probe x2  
  82  7:17  Probe  
  82  7:22  Forge  
  83  7:23  Forge  
  83  7:24  Forge  
  45  7:49  Zealot x4  
  53  7:55  Probe x2  
  55  8:07  Probe x2  
  55  8:08  Probe  
  58  8:18  Gateway  
  58  8:19  Probe x2  
  60  8:20  Gateway, Probe  
  60  8:22  Gateway  
  61  8:29  Templar Archives  
  61  8:32  Gateway, Probe x2  
  61  8:33  Probe  
  64  8:41  Gateway  
  64  8:42  Zealot x3  
  70  8:52  Protoss Ground Armor Level 1 (Chrono Boost), Protoss Ground Weapons Level 1 (Chrono Boost), Protoss Shields Level 1 (Chrono Boost)  
  70  8:54  Gateway  
  70  8:56  Gateway  
  70  8:59  Gateway  
  70  9:01  Zealot  
  70  9:02  Gateway  
  72  9:06  Assimilator  
  72  9:08  Assimilator  
  72  9:20  Probe  
  72  9:21  Probe x2  
  75  9:26  Nexus  
  75  9:29  Pylon  
  75  9:31  Pylon  
  75  9:33  Probe x2, High Templar x4  
  75  9:34  High Templar x4  
  75  9:37  Archon x2  
  75  9:38  Archon  
  93  9:43  Zealot  
  93  9:44  Archon  
  78  10:01  Zealot x2  
  78  10:02  Zealot x2  
  78  10:03  Zealot  
  70  10:18  Zealot x5  
  70  10:19  Zealot x3  
  74  10:33  Zealot  
  66  10:41  Zealot x4  
  66  10:42  Zealot x4  
  72  10:55  Observer (Chrono Boost)  
  57  11:05  Zealot x2  
  57  11:06  Zealot x4  
  57  11:07  Zealot x3  
  75  11:37  Assimilator  
  75  11:38  Zealot  
  75  11:39  Zealot x3  
  83  11:40  Zealot x4  
  83  11:41  Assimilator, Zealot  
  93  12:08  Nexus  
  93  12:10  Pylon  
  93  12:11  Assimilator  
  93  12:12  Stargate  
  93  12:14  Pylon, Stargate  
  93  12:18  Probe x3  
  96  12:33  High Templar x3  
  96  12:34  High Templar x5  
  96  12:35  High Templar  
  114  12:40  Immortal  
  114  12:44  Archon x4  
  82  13:19  Observer, Zealot x4  
  82  13:20  Zealot x3  
  82  13:21  Zealot x2  
Show
View Real Time Build Order
Export as new Build Order

tigro Terran 

Build Orders:  

Get SALT Encoding   

  13  0:14  SCV  
  13  0:16  Supply Depot  
  13  0:26  SCV  
  14  0:38  SCV  
  15  0:49  Barracks  
  15  0:50  SCV  
  15  0:55  Refinery  
  16  1:02  SCV  
  17  1:14  SCV  
  18  1:26  Supply Depot, SCV  
  19  1:37  Marine  
  19  1:39  SCV  
  21  1:45  Refinery  
  21  1:55  Marine  
  22  2:05  SCV  
  23  2:12  Marine  
  24  2:16  Engineering Bay  
  24  2:17  SCV  
  24  2:21  Factory  
  25  2:29  SCV  
  26  2:30  Marine  
  27  2:41  SCV  
  28  2:48  Marine  
  29  2:59  Terran Infantry Weapons Level 1  
  29  3:04  Orbital Command  
  29  3:07  Command Center  
  29  3:09  Factory Tech Lab  
  29  3:16  Barracks Tech Lab  
  29  3:32  Missile Turret  
  29  3:52  Siege Tank  
  29  3:55  Missile Turret  
  32  4:07  Combat Shield  
  32  4:22  Refinery  
  32  4:24  Siege Tank  
  32  4:30  Missile Turret  
  35  4:53  SCV  
  35  4:54  Terran Infantry Armor Level 1  
  35  4:59  Refinery  
  36  5:05  SCV  
  37  5:17  SCV  
  38  5:26  Stimpack  
  38  5:28  Siege Tank  
  41  5:29  SCV  
  42  5:36  Marine  
  42  5:41  SCV  
  44  5:53  Starport, SCV  
  44  5:54  Marine  
  46  6:05  SCV  
  47  6:11  Marine  
  47  6:17  SCV  
  49  6:29  Marine, SCV  
  49  6:32  Armory  
  51  6:47  Marine  
  51  6:48  Neosteel Armor  
  52  6:56  Medivac  
  52  6:57  Missile Turret  
  54  7:19  Missile Turret  
  54  7:23  Supply Depot  
  54  7:31  Marine  
  54  7:34  Thor  
  61  7:45  Supply Depot, Missile Turret  
  61  7:46  Starport Tech Lab  
  61  7:48  Marine  
  62  8:06  Marine  
  63  8:16  Command Center  
  63  8:24  Marine  
  63  8:25  Missile Turret  
  64  8:28  Hi-Sec Auto Tracking  
  64  8:33  Thor  
  70  8:42  Marine  
  71  8:50  Missile Turret  
  64  9:00  Marine  
  58  9:12  Missile Turret  
  58  9:16  Thor  
  64  9:17  Marine  
  64  9:18  Planetary Fortress  
  57  9:24  Terran Infantry Weapons Level 2  
  57  9:35  Marine, Terran Vehicle Weapons Level 1  
  58  9:48  Barracks  
  57  9:53  Marine  
  57  9:59  Thor  
  64  10:11  Medivac, Marine  
  65  10:22  Refinery  
  58  10:29  Marine  
  59  10:42  Thor  
  65  10:47  Marine  
  57  11:04  Marine  
  57  11:07  Barracks Reactor, SCV  
  58  11:19  Medivac, SCV  
  58  11:22  Marine  
  58  11:25  Thor  
  68  11:27  Fusion Core  
  68  11:29  Terran Vehicle And Ship Armor Level 1  
  68  11:31  SCV  
  69  11:40  Marine  
  69  11:43  SCV  
  71  11:55  SCV  
  71  11:57  Marine  
  71  11:58  Marine x2  
  75  12:07  Thor  
  81  12:15  Marine  
  81  12:16  Marine x2  
  81  12:18  SCV  
  85  12:30  SCV  
  85  12:33  Marine x3  
  89  12:42  SCV  
  90  12:50  Thor  
  90  12:51  Marine x3  
  96  12:55  SCV  
  100  13:07  SCV  
  100  13:09  Marine x2  
  100  13:12  Marine  
  73  13:27  Marine x2  
  73  13:30  Marine  
Show
View Real Time Build Order
Export as new Build Order

MrFercho Zerg 

Build Orders: Hatch First, Roach Hydra 

Get SALT Encoding   

  12  0:07  Drone  
  13  0:17  Overlord  
  13  0:18  Drone  
  16  0:35  Drone x2  
  16  0:53  Hatchery  
  16  0:55  Drone  
  16  0:59  Drone  
  16  1:02  Drone  
  18  1:14  Drone  
  19  1:20  Extractor  
  18  1:27  Spawning Pool  
  18  1:28  Drone  
  18  1:40  Drone  
  18  1:47  Overlord  
  19  1:57  Drone  
  20  2:05  Drone  
  20  2:07  Drone  
  22  2:15  Queen x2  
  26  2:16  Drone  
  26  2:18  Drone  
  28  2:27  Drone  
  28  2:28  Drone  
  30  2:39  Drone x2  
  32  2:49  Overlord  
  32  2:50  Overlord  
  32  2:53  Queen  
  32  2:58  Lair  
  34  3:11  Drone x4  
  34  3:12  Evolution Chamber  
  37  3:13  Roach Warren  
  36  3:25  Drone x3  
  39  3:39  Zerg Missile Weapons Level 1  
  39  3:42  Extractor  
  39  3:47  Extractor  
  37  3:53  Roach x5  
  37  3:55  Drone  
  48  3:57  Drone x3  
  51  4:03  Overlord  
  51  4:13  Overlord  
  51  4:19  Glial Reconstitution  
  51  4:22  Drone  
  51  4:23  Drone x4  
  56  4:29  Drone  
  56  4:30  Drone x2  
  59  4:37  Roach x2  
  63  4:56  Overlord x2  
  63  5:02  Zergling x10  
  63  5:04  Overlord x3  
  68  5:12  Hatchery  
  67  5:15  Hydralisk Den  
  67  5:17  Drone  
  67  5:18  Evolution Chamber  
  66  5:23  Drone x2  
  66  5:25  Extractor  
  66  5:26  Overseer  
  66  5:27  Overseer  
  66  5:28  Overlord x3  
  67  5:34  Lair  
  67  5:47  Queen  
  69  5:51  Drone x2  
  72  5:57  Drone x6  
  72  6:02  Zergling x4  
  79  6:08  Metabolic Boost  
  79  6:14  Zerg Missile Weapons Level 2  
  79  6:16  Zerg Ground Armor Level 1  
  79  6:20  Roach x3  
  79  6:24  Drone x3  
  88  6:29  Queen  
  88  6:31  Drone x2  
  92  6:44  Infestation Pit  
  91  6:51  Lurker Den  
  91  6:52  Drone x10  
  100  7:11  Roach x2  
  100  7:12  Roach x6  
  116  7:18  Overlord x3  
  116  7:22  Roach  
  120  7:23  Roach  
  120  7:44  Queen  
  122  7:51  Muscular Augments  
  122  7:58  Hatchery  
  121  8:00  Extractor, Hatchery  
  121  8:02  Extractor  
  118  8:08  Roach x13  
  118  8:10  Overlord  
  144  8:20  Pneumatized Carapace  
  144  8:36  Roach x8  
  160  8:42  Ravager x2  
  160  8:45  Overlord x5  
  156  9:03  Grooved Spines  
  145  9:14  Roach  
  145  9:15  Roach x10  
  75  9:53  Hydralisk x14  
  97  10:05  Drone x2, Spine Crawler  
  97  10:06  Drone  
  87  10:29  Zerg Ground Armor Level 2  
  73  10:43  Hydralisk x6  
  73  10:44  Hydralisk x7  
  95  10:55  Drone  
  95  10:56  Drone x3  
  94  11:19  Hive  
  94  11:28  Spire  
  94  11:30  Spire  
  94  11:31  Overlord x2  
  94  11:32  Overlord x2  
  92  11:34  Hydralisk x6  
  104  11:47  Hydralisk x3  
  110  12:03  Hydralisk x4  
  118  12:14  Hydralisk x3  
  124  12:27  Hydralisk x3  
  130  12:35  Drone x5  
  130  12:36  Drone  
  136  12:39  Drone x5  
  109  13:02  Overseer  
  65  13:14  Hydralisk x9  
  74  13:28  Zergling x2  
  74  13:29  Zergling x14  
Tags
 
Add a new tag
Caveats
  • Supply blocks, unpowered buildings, or Contaminate may cause inaccurate times.
  • Supply counts are checked every 10 seconds.